AoeStats
← Sparten gio

Socotra

503987916Analyzed
2v2 RM · 1mo ago on Sep 3, 2026· 31m 41s· 4 players
Game mode
Random Map
Map size
Tiny (2 player)
Population
200
Speed
Normal
Resources
Standard
Victory
Conquest
Starting age
Dark Age
Ending age
Imperial Age
RankedLock teamsTeams togetherTeam positionsShared explorationLock speedFull tech treeHidden civsTurbo modeCheats
Victory
Defeat
🇦🇺 Vikings · Australia
858
+16
🇺🇸 Dravidians · United States
830
+18
🇲🇽 Cumans · Mexico
857
-17
🇲🇽 Japanese · Mexico
856
-17
Sparten gio
6:08 Loom
9:08 Feudal Age
12:45 Double-Bit Axe
15:09 Fletching
20:44 Castle Age
18:39 Man-at-Arms
21:43 Bodkin Arrow
22:54 Scale Barding Armor
23:09 Horse Collar
31:34 Forging
Mathayas
8:42 Loom
8:45 Loom
10:35 Feudal Age
10:03 Loom
13:29 Fletching
21:55 Double-Bit Axe
28:01 Castle Age
calexzp
5:34 Loom
10:06 Feudal Age
14:53 Double-Bit Axe
14:58 Horse Collar
28:24 Castle Age
27:32 Fletching
29:49 Bodkin Arrow
30:32 Capped Ram
GENTE DEL CDN
3:28 Loom
11:33 Feudal Age
12:03 Double-Bit Axe
14:14 Horse Collar
16:24 Loom
20:15 Loom
23:10 Wheelbarrow
29:32 Castle Age
28:18 Stone Mining
30:32 Hand Cart
Connection lost

Rejoining the realm…

Still unreachable

The connection could not be restored.

Session expired

The server has moved on; the page needs a fresh start.